[ AOE2 MATCH · #506459080 ]
UnrankedSicilians vs Mapuche
Player's team · WIN
Rival team · LOSS
[ REPLAY ANALYSIS · EXTRACTED FROM THE RECORDED GAME ]
Feudal
10:37
Castle
22:33
Imperial
37:55
| APM avg | 44.4 |
| APM peak | 76 |
| eAPM avg | 20.8 |
| Villagers / military | 154 / 264 |
Focus
⚔️ 40.4% · 🌾 59.6%
Skirmisher ×184 · Knight ×67 · Trebuchet (Packed) ×6 · Militia ×3 · Monk ×2 · Mangonel ×2
Feudal
8:25
Castle
23:44
Imperial
37:24
| APM avg | 48.7 |
| APM peak | 94 |
| eAPM avg | 24.7 |
| Villagers / military | 181 / 191 |
Focus
⚔️ 27.2% · 🌾 72.8%
Bolas Rider ×148 · Archer ×25 · Mangonel ×11 · Unknown (2550) ×4 · Trebuchet (Packed) ×4 · Monk ×3
Match map
Initial resources + every placement click. Lines = walls · curves = elevation contours. ◆ gold · ⬟ stone · ● berries · ✦ relic · ◌ wall gap
Your base· Open — opponent sealed themselves in
Toaster226's base· ✓ Closed at 23:44 · 29t walls · 1 gate(s)
Smoothed initial terrain · ◌ = detected wall gap · hover for details
Inputs per minute
— [RGV]saltychobos - - Toaster226
Build order — [RGV]saltychobos
First 150 of 477 actions detected
| 0:00 | Queue | Villager (Male) |
| 0:02 | Build | House |
| 0:03 | Build | House |
| 0:09 | Queue | Villager (Male) ×3 |
| 1:23 | Queue | Villager (Male) |
| 1:52 | Build | Lumber Camp |
| 2:02 | Queue | Villager (Male) |
| 2:14 | Queue | Villager (Male) |
| 2:51 | Queue | Villager (Male) |
| 3:02 | Queue | Villager (Male) |
| 3:31 | Queue | Villager (Male) |
| 3:50 | Build | House |
| 4:05 | Queue | Villager (Male) |
| 4:30 | Queue | Villager (Male) |
| 4:47 | Build | Barracks |
| 5:00 | Queue | Villager (Male) |
| 5:22 | Queue | Villager (Male) |
| 5:47 | Queue | Villager (Male) |
| 5:51 | Build | House |
| 5:53 | Queue | Militia |
| 5:53 | Queue | Militia |
| 6:08 | Queue | Villager (Male) |
| 6:21 | Queue | Villager (Male) |
| 6:21 | Queue | Villager (Male) |
| 6:27 | Build | House |
| 6:28 | Queue | Militia |
| 7:06 | Build | Mill |
| 7:36 | Queue | Villager (Male) |
| 7:51 | Research | Loom |
| 8:25 | Research | Feudal Age |
| 9:01 | Queue | Villager (Male) |
| 9:01 | Queue | Villager (Male) |
| 9:33 | Build | House |
| 9:37 | Build | House |
| 10:05 | Build | Farm |
| 10:23 | Build | Palisade Wall |
| 10:37 | Age | Feudal Age |
| 10:41 | Build | Archery Range |
| 10:44 | Research | Horse Collar |
| 10:46 | Research | Double-Bit Axe |
| 10:52 | Build | Farm |
| 10:59 | Build | Farm |
| 11:20 | Build | Farm |
| 11:22 | Build | Farm |
| 11:23 | Queue | Villager (Male) |
| 11:30 | Queue | Skirmisher |
| 11:47 | Queue | Villager (Male) |
| 11:47 | Queue | Villager (Male) |
| 11:59 | Build | Mining Camp |
| 12:01 | Queue | Skirmisher |
| 12:26 | Build | House |
| 12:30 | Queue | Skirmisher |
| 12:47 | Queue | Villager (Male) |
| 12:47 | Queue | Villager (Male) |
| 12:49 | Queue | Skirmisher |
| 12:57 | Build | House |
| 13:03 | Build | Farm |
| 13:08 | Queue | Skirmisher |
| 13:27 | Queue | Villager (Male) |
| 13:29 | Build | Farm |
| 13:33 | Build | Palisade Wall |
| 13:44 | Queue | Skirmisher |
| 13:47 | Build | Farm |
| 13:54 | Build | House |
| 14:00 | Queue | Villager (Male) |
| 14:00 | Queue | Villager (Male) |
| 14:02 | Queue | Skirmisher |
| 14:02 | Queue | Skirmisher |
| 14:03 | Build | House |
| 14:34 | Build | Lumber Camp |
| 14:41 | Queue | Villager (Male) |
| 14:47 | Build | Farm |
| 14:50 | Build | Farm |
| 14:59 | Queue | Skirmisher |
| 15:10 | Queue | Villager (Male) |
| 15:11 | Queue | Villager (Male) |
| 15:37 | Queue | Skirmisher |
| 15:37 | Queue | Skirmisher |
| 15:56 | Build | Blacksmith |
| 15:58 | Build | House |
| 15:59 | Queue | Villager (Male) |
| 16:02 | Build | Farm |
| 16:12 | Queue | Skirmisher |
| 16:14 | Queue | Villager (Male) |
| 16:17 | Build | Farm |
| 16:21 | Build | Farm |
| 16:24 | Build | Farm |
| 16:31 | Build | House |
| 16:37 | Queue | Villager (Male) |
| 16:41 | Research | Fletching |
| 16:55 | Queue | Skirmisher |
| 17:01 | Build | Farm |
| 17:03 | Build | Farm |
| 17:07 | Build | House |
| 17:10 | Build | House |
| 17:18 | Queue | Villager (Male) |
| 17:19 | Queue | Skirmisher |
| 17:29 | Research | Padded Archer Armor |
| 17:31 | Queue | Villager (Male) |
| 17:34 | Build | Farm |
| 17:40 | Build | Farm |
| 17:43 | Build | Farm |
| 17:47 | Queue | Skirmisher |
| 17:56 | Build | Farm |
| 17:59 | Queue | Villager (Male) |
| 18:00 | Queue | Skirmisher |
| 18:24 | Build | Farm |
| 18:31 | Build | Farm |
| 18:35 | Build | Farm |
| 18:36 | Build | Farm |
| 18:43 | Queue | Villager (Male) |
| 18:44 | Queue | Villager (Male) |
| 18:46 | Build | Farm |
| 18:53 | Build | House |
| 18:56 | Build | House |
| 19:05 | Build | House |
| 19:08 | Build | Palisade Wall |
| 19:32 | Build | Lumber Camp |
| 19:53 | Research | Castle Age |
| 19:54 | Research | Castle Age |
| 21:23 | Queue | Skirmisher |
| 21:23 | Queue | Skirmisher |
| 21:26 | Build | Stable |
| 21:28 | Research | Scale Barding Armor |
| 21:34 | Build | Stable |
| 21:50 | Queue | Skirmisher |
| 22:12 | Queue | Villager (Male) |
| 22:13 | Research | Gold Mining |
| 22:25 | Research | Bloodlines |
| 22:33 | Age | Castle Age |
| 22:36 | Queue | Knight |
| 22:36 | Queue | Knight |
| 22:40 | Research | Bodkin Arrow |
| 22:42 | Research | Elite Skirmisher (upgrade) |
| 22:51 | Build | Town Center |
| 23:10 | Queue | Villager (Male) |
| 23:11 | Queue | Villager (Male) |
| 23:15 | Queue | Knight |
| 23:15 | Queue | Knight |
| 23:18 | Research | Husbandry |
| 23:33 | Queue | Knight |
| 23:34 | Queue | Knight |
| 23:46 | Queue | Villager (Male) ×4 |
| 24:09 | Queue | Knight |
| 24:09 | Queue | Knight |
| 24:28 | Queue | Villager (Male) |
| 24:29 | Queue | Villager (Male) |
| 24:38 | Queue | Knight |
| 24:52 | Build | Town Center |
| 25:00 | Queue | Knight |
Build order — Toaster226
First 150 of 462 actions detected
| 0:00 | Queue | Villager (Male) ×4 |
| 0:02 | Build | House |
| 0:03 | Build | House |
| 1:29 | Queue | Villager (Male) |
| 1:46 | Build | Settlement |
| 2:01 | Queue | Villager (Male) |
| 2:30 | Queue | Villager (Male) |
| 2:30 | Queue | Villager (Male) |
| 3:07 | Queue | Villager (Male) |
| 3:41 | Queue | Villager (Male) |
| 4:08 | Queue | Villager (Male) |
| 4:22 | Queue | Villager (Male) |
| 4:52 | Queue | Villager (Male) |
| 5:13 | Queue | Villager (Male) |
| 5:33 | Research | Loom |
| 6:15 | Research | Feudal Age |
| 6:45 | Build | Settlement |
| 7:41 | Build | Barracks |
| 7:42 | Build | Palisade Wall |
| 7:54 | Queue | Villager (Male) |
| 7:54 | Queue | Villager (Male) |
| 8:25 | Age | Feudal Age |
| 8:26 | Build | House |
| 8:27 | Build | Palisade Wall |
| 8:28 | Build | Palisade Wall |
| 8:28 | Build | Palisade Wall |
| 8:40 | Build | Archery Range |
| 8:44 | Build | House |
| 8:51 | Build | Palisade Wall |
| 8:56 | Queue | Villager (Male) |
| 9:15 | Build | Palisade Gate |
| 9:30 | Queue | Archer |
| 9:30 | Queue | Archer |
| 10:03 | Queue | Villager (Male) |
| 10:25 | Build | Palisade Wall |
| 10:30 | Queue | Archer |
| 10:34 | Build | House |
| 10:38 | Queue | Villager (Male) |
| 10:40 | Queue | Villager (Male) |
| 10:40 | Queue | Villager (Male) |
| 10:48 | Research | Double-Bit Axe |
| 10:50 | Queue | Archer |
| 10:58 | Build | Palisade Wall |
| 11:02 | Queue | Villager (Male) |
| 11:25 | Queue | Archer |
| 11:39 | Build | Archery Range |
| 11:40 | Queue | Archer |
| 11:44 | Queue | Villager (Male) |
| 12:11 | Build | Blacksmith |
| 12:13 | Queue | Villager (Male) |
| 12:26 | Research | Gold Mining |
| 12:49 | Build | Palisade Wall |
| 12:51 | Queue | Archer |
| 12:53 | Queue | Archer |
| 12:55 | Queue | Villager (Male) |
| 13:02 | Build | Palisade Wall |
| 13:13 | Queue | Archer |
| 13:19 | Queue | Archer |
| 13:36 | Build | House |
| 13:37 | Queue | Villager (Male) |
| 13:38 | Queue | Archer |
| 13:48 | Build | Settlement |
| 13:50 | Queue | Villager (Male) |
| 13:53 | Queue | Archer |
| 14:03 | Build | House |
| 14:14 | Research | Horse Collar |
| 14:19 | Queue | Villager (Male) |
| 14:20 | Research | Fletching |
| 14:23 | Queue | Archer |
| 14:38 | Queue | Archer |
| 14:50 | Build | Palisade Wall |
| 14:58 | Queue | Archer |
| 14:59 | Queue | Villager (Male) |
| 14:59 | Queue | Villager (Male) |
| 14:59 | Queue | Villager (Male) |
| 15:02 | Build | Farm |
| 15:02 | Build | Farm |
| 15:02 | Build | Farm |
| 15:11 | Queue | Archer |
| 15:12 | Queue | Archer |
| 15:23 | Build | House |
| 15:37 | Queue | Unit 2550 |
| 15:37 | Queue | Unit 2550 |
| 15:53 | Build | Palisade Wall |
| 15:57 | Queue | Archer |
| 15:57 | Queue | Archer |
| 15:58 | Queue | Villager (Male) |
| 16:02 | Build | Farm |
| 16:02 | Build | Farm |
| 16:12 | Build | Farm |
| 16:25 | Queue | Archer |
| 16:25 | Queue | Archer |
| 16:29 | Queue | Villager (Male) |
| 16:35 | Build | Farm |
| 16:52 | Queue | Villager (Male) |
| 16:55 | Build | House |
| 16:56 | Build | Palisade Wall |
| 16:58 | Queue | Villager (Male) |
| 17:01 | Build | Farm |
| 17:23 | Research | Tech 1402 |
| 17:23 | Queue | Villager (Male) |
| 17:25 | Queue | Archer |
| 17:25 | Queue | Archer |
| 17:38 | Build | Farm |
| 17:39 | Build | Farm |
| 17:52 | Build | Farm |
| 17:55 | Build | Palisade Wall |
| 18:00 | Build | Farm |
| 18:22 | Queue | Villager (Male) |
| 18:28 | Queue | Villager (Male) |
| 18:28 | Queue | Villager (Male) |
| 18:37 | Build | Palisade Wall |
| 18:52 | Build | Farm |
| 18:52 | Build | Farm |
| 19:09 | Build | Market |
| 19:10 | Build | House |
| 19:12 | Queue | Villager (Male) |
| 20:04 | Queue | Villager (Male) |
| 20:04 | Queue | Villager (Male) |
| 20:12 | Queue | Villager (Male) |
| 20:32 | Queue | Archer |
| 20:32 | Queue | Archer |
| 20:41 | Research | Castle Age |
| 20:57 | Queue | Villager (Male) |
| 21:01 | Research | Castle Age |
| 21:09 | Build | Palisade Wall |
| 21:24 | Queue | Villager (Male) |
| 21:34 | Build | Archery Range |
| 21:35 | Research | Padded Archer Armor |
| 21:49 | Build | Farm |
| 21:51 | Build | Farm |
| 21:54 | Build | Farm |
| 21:57 | Build | Farm |
| 21:57 | Build | Farm |
| 22:12 | Research | Horse Collar |
| 22:13 | Research | Stone Mining |
| 22:36 | Build | House |
| 22:53 | Build | Farm |
| 23:18 | Queue | Villager (Male) |
| 23:44 | Age | Castle Age |
| 23:46 | Build | Town Center |
| 23:47 | Build | Town Center |
| 23:54 | Queue | Villager (Male) |
| 23:54 | Queue | Villager (Male) |
| 23:55 | Research | Bow Saw |
| 24:09 | Research | Heavy Plow |
| 24:11 | Queue | Villager (Male) |
| 24:11 | Queue | Villager (Male) |
| 24:40 | Build | Farm |
| 24:47 | Queue | Villager (Male) |
Match timeline
| 4:47 | [RGV]saltychobos · first_building Barracks |
| 7:41 | Toaster226 · first_building Barracks |
| 7:42 | Toaster226 · wall_segment Palisade Wall x1 |
| 8:25 | Toaster226 · age_up feudal |
| 8:27 | Toaster226 · wall_segment Palisade Wall x1 |
| 8:28 | Toaster226 · wall_segment Palisade Wall x1 |
| 8:28 | Toaster226 · wall_segment Palisade Wall x1 |
| 8:40 | Toaster226 · first_building Archery Range |
| 8:51 | Toaster226 · wall_segment Palisade Wall x1 |
| 10:23 | [RGV]saltychobos · wall_segment Palisade Wall x1 |
| 10:25 | Toaster226 · wall_segment Palisade Wall x1 |
| 10:37 | [RGV]saltychobos · age_up feudal |
| 10:41 | [RGV]saltychobos · first_building Archery Range |
| 10:58 | Toaster226 · wall_segment Palisade Wall x1 |
| 12:49 | Toaster226 · wall_segment Palisade Wall x2 |
| 13:02 | Toaster226 · wall_segment Palisade Wall x6 |
| 13:33 | [RGV]saltychobos · wall_segment Palisade Wall x6 |
| 14:50 | Toaster226 · wall_segment Palisade Wall x1 |
| 15:53 | Toaster226 · wall_segment Palisade Wall x7 |
| 16:56 | Toaster226 · wall_segment Palisade Wall x6 |
| 17:55 | Toaster226 · wall_segment Palisade Wall x5 |
| 18:37 | Toaster226 · wall_segment Palisade Wall x1 |
| 19:08 | [RGV]saltychobos · wall_segment Palisade Wall x1 |
| 20:35 | Toaster226 · first_market_sell 500 wood |
| 20:36 | Toaster226 · first_market_buy 100 food |
| 21:09 | Toaster226 · wall_segment Palisade Wall x1 |
| 21:26 | [RGV]saltychobos · first_building Stable |
| 22:33 | [RGV]saltychobos · age_up castle |
| 23:44 | Toaster226 · age_up castle |
| 26:16 | Toaster226 · first_building Monastery |
| 27:22 | [RGV]saltychobos · first_building Monastery |
| 28:59 | Toaster226 · first_building Castle |
| 34:20 | Toaster226 · first_building Siege Workshop |
| 37:24 | Toaster226 · age_up imperial |
| 37:55 | [RGV]saltychobos · age_up imperial |
| 39:53 | [RGV]saltychobos · first_building Castle |
| 41:35 | Toaster226 · wall_segment Stone Wall x9 |
| 41:38 | Toaster226 · wall_segment Stone Wall x9 |
| 41:50 | Toaster226 · wall_segment Stone Wall x1 |
| 41:56 | Toaster226 · wall_segment Stone Wall x1 |
| 42:29 | Toaster226 · wall_segment Stone Wall x12 |
| 45:35 | Toaster226 · wall_segment Stone Wall x10 |
| 45:41 | [RGV]saltychobos · first_building Siege Workshop |
| 46:36 | Toaster226 · wall_segment Stone Wall x8 |
| 46:39 | Toaster226 · wall_segment Stone Wall x8 |
| 48:07 | Toaster226 · wall_segment Stone Wall x4 |
| 49:29 | [RGV]saltychobos · first_market_sell 500 wood |
| 50:36 | Toaster226 · resign |
[ AI ANALYSIS · 1 CREDIT ]
What really happened in this match?
Wolo.gg analyzes every decision: build order, eco, micro, common mistakes by bracket. Personalized analysis on WhatsApp or Discord in 30 seconds.
Civ guide
Sicilians
Perfil
Jugador #22025386